[Event "Early-Titled-Tuesday-Blitz-April-16-2024"]
[Site "Chess.com"]
[Date "2024.04.16"]
[Round "1"]
[White "vovachesss"]
[Black "FREZZY23"]
[Result "1-0"]
[WhiteElo "2762"]
[BlackElo "2434"]
[TimeControl "180+1"]
[EndTime "8:09:08 PDT"]
[Termination "vovachesss won by resignation"]

1. e4 c5 2. Nf3 d6 3. d4 cxd4 4.
Nxd4 Nf6 5. Nc3 a6 6. Rg1 e5 7. Nb3 Be6 8. g4 b5 9. g5 Nfd7 10. a4 bxa4 11. Rxa4 Nb6 12. Ra1 Be7 13. Na5 d5 14. exd5 Nxd5 15. Bg2 Bb4 16. Bd2 Bxa5 17. Nxd5 Bxd2+ 18. Qxd2 Ra7 19. Rd1 Rd7 20. c4 O-O 21.
Be4 Nc6 22. h4 Nd4 23. Rg3 Bxd5 24. Bxd5 Rxd5 25. cxd5 Qxd5 26. Qd3 Rc8 27. Kf1 Qh1+ 28. Rg1 Qxh4 29. Re1 Qf4 30. Qe4 Nf3 31. Qxf4 exf4 32. Rg4 Nxe1 33. Kxe1 Rc4 34. Kd2 Kf8 35. b3 Rb4 36.
Kc3 a5 37. Rh4 Kg8 38. f3 g6 39. Kc2 Kg7 40. Kc3 h5 41. gxh6+ Kh7 42. Kc2 f5 43. Rh1 g5 44. Rh5 g4 45. Rxf5 g3 46. Rh5 Rd4 47.
Rg5 Kxh6 48. Rg4 Kh5 49. Kc3 Rb4 50. Rg8 Kh4 51. Rh8+ Kg5 52. Rg8+ Kf5 53. Rf8+ Ke5 54. Rg8 Kf6 55. Rg4 Kf7 56. Kc2 Kf6 57. Rg8 Ke6 58. Kc3 Kd6 59. Rg6+ Kc5 60. Rg5+ Kb6 61. Rg6+ Ka7 62. Rg4 Ka6 63. Rg6+ Rb6 64. Rg4 Rf6 65. Kd4 Kb5 66. Kc3 Rf5 67. Rg8 Kc5 68. Kd3 Kb4 69. Kc2 Kc5 70. Kd3 Rd5+ 71. Ke4 Rd4+ 72. Ke5 Rb4 73. Rc8+ Kb6 74. Kd5 Rxb3 75. Rb8+ Kc7 76. Rxb3 a4 77. Rb1 a3 78. Ke4 a2 79.
Ra1 Kc6 80. Rxa2 g2 81. Rxg2 Kc5 82. Kxf4 Kc4 83. Re2 Kd3 84. Re4 1-0

[Event "Early-Titled-Tuesday-Blitz-April-16-2024"]
[Site "Chess.com"]
[Date "2024.04.16"]
[Round "1"]
[White "Der_Balak_3Halak"]
[Black "Egor_Koshulyan"]
[Result "0-1"]
[WhiteElo "2426"]
[BlackElo "2744"]
[TimeControl "180+1"]
[EndTime "8:09:11 PDT"]
[Termination "Egor_Koshulyan won by checkmate"]

1. e4 e5 2. Nf3 Nc6 3. Bb5 a6 4. Bxc6 dxc6 5. h3 Qf6 6. d4 exd4 7. Bg5 Qd6 8. Qxd4 h6 9. Be3 Be6 10. Nc3 Qxd4 11. Nxd4 Bd7 12. O-O-O O-O-O 13. Nb3 b6 14. a4 a5 15. Bd4 Ne7 16. f4 Ng6 17. g3 f6 18. h4 h5 19. Rhe1 Bb4 20. f5 Ne5 21. Bxe5 fxe5 22. Rd3 c5 23. Nd2 Bxc3 24. Rxc3 Bxa4 25. Nc4 Rhe8 26. Rd1 Bc6 27. Rxd8+ Kxd8 28. Rd3+ Kc8 29. Re3 Bb5 30. Nd2 Kd7 31. Nf3 Kd6 32. Ng5 c4 33. c3 Bd7 34. Re1 Ke7 35.
Rd1 Rd8 36. Nf3 Kf6 37. Nh2 Ke7 38. g4 Bc6 39. Re1 Rd3 40. gxh5 Rg3 41. Nf1 Rg4 42. Nd2 b5 43. Nf3 Rxe4 44. Rxe4 Bxe4 45. Nxe5 Kf6 46. h6 gxh6 47. Ng4+ Kxf5 48. Nxh6+ Kg6 49. Ng4 Bb7 50. Kd2 Kh5 51. Nf6+ Kxh4 52. Ne8 c6 53. Nd6 Ba6 54. Ke3 Kg5 55. Kd4 Kf4 56. Kc5 Ke3 57.
Kb6 b4 58. Kxa6 a4 59. cxb4 Kd3 60. Ka5 c3 61. bxc3 a3 62. Nb7 a2 63. Nc5+ Kc2 64.
Kb6 a1=Q 65. Kxc6 Qxc3 66. b5 Qf6+ 67. Kc7 Qe7+ 68. Nd7 Qe4 69. b6 Qc4+ 70. Kb8 Qd5 71. Kc7 Qc4+ 72. Kb8 Qc6 73. b7 Qxd7 74. Ka8 Qa4+ 75.
Kb8 Kc3 76. Kc7 Qc4+ 77. Kd7 Qd5+ 78. Kc8 Qc6+ 79. Kb8 Kb4 80. Ka7 Qa4+ 81. Kb8 Kc5 82. Kc7 Qc6+ 83. Kb8 Kb6 84. Ka8 Qxb7# 0-1

[Event "Early-Titled-Tuesday-Blitz-April-16-2024"]
[Site "Chess.com"]
[Date "2024.04.16"]
[Round "1"]
[White "Kotlyar_K"]
[Black "Artemiki"]
[Result "1/2-1/2"]
[WhiteElo "2700"]
[BlackElo "2423"]
[TimeControl "180+1"]
[EndTime "8:09:11 PDT"]
[Termination "Game drawn by repetition"]

1. d4 Nf6 2. c4 c5 3. d5 e6 4. Nc3 exd5 5. cxd5 d6 6. Nf3 g6 7. Nd2 Bg7 8. e4 O-O 9. Be2 Re8 10. O-O Nbd7 11. a4 Ne5 12. Ra3 g5 13. Qc2 h6 14.
a5 Ng6 15. Nc4 Ng4 16. Nb5 Bf8 17. Rg3 N4e5 18. Nxe5 dxe5 19. d6 Be6 20. Nc7 Qxd6 21. Nxa8 Rxa8 22. Rd1 Qc7 23. Bc4 Bxc4 24. Qxc4 Qxa5 25.
h4 Rd8 26. Rxd8 Qxd8 27. Rd3 Qe7 28. h5 Nf4 29. Bxf4 exf4 30. Rd5 Bg7 31. Rxc5 Be5 32. Qd5 Bxb2 33. Rb5 Qf6 34. Rxb7 Bd4 35. Rb8+ Kg7 36. Rd8 Bb6 37. Rd7 Qa1+ 38. Kh2 Qf6 39. e5 Qf5 40.
Qd6 g4 41. Qf6+ Qxf6 42. exf6+ Kxf6 43. Rd5 Ke6 44. Rb5 Bxf2 45. Kh1 a6 46. Rb7 Kf6 47. Rb2 Be3 48. Ra2 Kg5 49. Rxa6 Kxh5 50. Rf6 Kg5 51. Rxf7 h5 52. Rf8 h4 53. Kh2 Bf2 54. Kh1 Be3 55. Rg8+ Kf5 56. Rh8 Bf2 57. Kh2 Kg5 58. Rg8+ Kf5 59.
Kh1 Be3 60. Rh8 Bf2 61. Rc8 Kg5 62. Rb8 Kg6 63. Rb5 Be3 64. Kh2 Bf2 65. Kh1 Be3 66.
Rd5 Bf2 67. Re5 Be3 68. Re4 Kf5 69. Ra4 Bf2 70. Rc4 Be3 71. Ra4 Bf2 72. Rc4 Be3 73.
Ra4 1/2-1/2

[Event "Early-Titled-Tuesday-Blitz-April-16-2024"]
[Site "Chess.com"]
[Date "2024.04.16"]
[Round "1"]
[White "FairChess_on_YouTube"]
[Black "FARIZA2018"]
[Result "1-0"]
[WhiteElo "3078"]
[BlackElo "2534"]
[TimeControl "180+1"]
[EndTime "8:09:12 PDT"]
[Termination "FairChess_on_YouTube won on time"]

1. c4 e6 2. Nf3 d5 3. g3 Nf6 4. Bg2 dxc4 5. O-O Nbd7 6. Qc2 a6 7. a4 c5 8. Na3 b6 9. Nxc4 Bb7 10. b3 Be7 11.
Bb2 O-O 12. d3 Rc8 13. Rfd1 Qc7 14. e4 Qb8 15. h4 Rfd8 16. Nfe5 b5 17. axb5 axb5 18.
Nxd7 Nxd7 19. Ne3 Bf6 20. h5 Bxb2 21. Qxb2 Qe5 22. d4 cxd4 23. Rxd4 Nf8 24. Rad1 Rxd4 25.
Qxd4 Qxh5 26. Qb6 Ba8 27. Ra1 Qe5 28. Qa6 Bb7 29. Qxb7 Qxa1+ 30. Kh2 Qc3 31. Qxb5 Ng6 32. Nc4 h6 33. e5 Qd4 34. f4 Qc5 35. Qd7 Qc7 36.
Qd3 Rd8 37. Nd6 Ne7 38. Qc4 Qb6 39. b4 Nf5 40. Qc5 Qb8 41. Ne4 Rc8 42. Qa5 Rc2 43. Qa3 Qb6 44. Nc5 Qb5 45. Qa8+ Kh7 46. Qe4 Re2 47. Qb1 Qc6 48. Ne4 Qd5 49. Kh3 Qd4 50.
b5 Rb2 51. Qf1 Qb4 52. Nd6 Nxd6 53. exd6 Qxd6 54. Qc4 Qd2 55. Qc6 g6 56. b6 Qe1 57.
b7 Rb3 58. Bf3 Qb1 59. Qc7 Kg7 60. Qe5+ Kg8 61. Qb8+ Kh7 62. Qc7 Qf5+ 63. Bg4 Qb1 64. Qxf7+ Kh8 65. Qf6+ Kh7 66. Qf7+ Kh8 67. Qf8+ Kh7 68.
Qe7+ Kh8 69. Qe8+ Kh7 70. Qd7+ Kh8 71. Bf3 Qf5+ 72. Kh2 Qc2+ 73. Bg2 Rb2 74. Qc8+ Kh7 75. Qxc2 1-0

[Event "Early-Titled-Tuesday-Blitz-April-16-2024"]
[Site "Chess.com"]
[Date "2024.04.16"]
[Round "1"]
[White "masterofpuppets2"]
[Black "ActorXu"]
[Result "0-1"]
[WhiteElo "2488"]
[BlackElo "2859"]
[TimeControl "180+1"]
[EndTime "8:09:14 PDT"]
[Termination "ActorXu won by checkmate"]

1. d4 Nf6 2. c4 b6 3. Nc3 Bb7 4.
Qc2 d5 5. cxd5 Nxd5 6. e4 Nxc3 7. bxc3 e6 8. Bd3 Nd7 9. Ne2 Be7 10. O-O O-O 11. e5 h6 12. Be3 c5 13. Rad1 cxd4 14. cxd4 a5 15. Qd2 Bb4 16. Qb2 Qe7 17. Rb1 Rac8 18. Bd2 Bxd2 19. Qxd2 Rfd8 20. Qe3 Bd5 21.
Rb2 Bc4 22. Bb1 b5 23. Re1 b4 24. Nf4 Qg5 25. g3 Nf8 26. h4 Qe7 27. Rd2 Ba6 28.
Be4 Rc3 29. Bd3 Bxd3 30. Rxd3 Rxd3 31. Nxd3 Qd7 32. Nc5 Qxd4 33. Nb7 Qxe3 34. Rxe3 Rd2 35. a3 Rd5 36. axb4 axb4 37. f4 Ng6 38. Rb3 Rb5 39. Nd6 Rb8 40. Ne4 Ne7 41. Kf2 h5 42.
Nc5 Nd5 43. Ne4 Rc8 44. Ke2 Ra8 45. Kd3 Ra3 46. Kc2 Ra2+ 47. Kd3 Kf8 48. Kd4 Ke7 49. Nd6 Rd2+ 50. Ke4 Re2+ 51. Kf3 Rc2 52. Ne4 Ra2 53.
Nc5 Ra3 54. Ke2 Ke8 55. Kd3 Rxb3+ 56. Nxb3 Ne7 57. Kc4 Nf5 58. Kxb4 Nxg3 59. Nc5 Nf5 60. Nd3 Nxh4 61. Kc4 Nf5 62. Kc3 Kd7 63. Kd2 Kc6 64.
Ke2 Kd5 65. Kf3 Kd4 66. Nf2 h4 67. Nh3 Nh6 68. Ng5 Kd3 69. Kg2 Ke3 70. Kh3 Kxf4 71. Kxh4 Kxe5 72. Kh5 Kf4 73. Nh3+ Kg3 74. Ng5 e5 75.
Ne4+ Kf4 76. Ng5 e4 77. Nh3+ Kg3 78. Ng5 e3 79. Ne4+ Kf3 80. Nc3 e2 81. Nxe2 Kxe2 82. Kg5 f5 83. Kf4 g6 84. Kg5 Nf7+ 85. Kxg6 f4 86.
Kf5 f3 87. Ke6 f2 88. Kxf7 f1=Q+ 89. Ke6 Qf4 90. Kd5 Kd3 91. Ke6 Qg5 92. Kd7 Qf6 93. Kc7 Kc4 94. Kd7 Kc5 95. Ke8 Qg7 96. Kd8 Kd6 97. Ke8 Qg8# 0-1

[Event "Early-Titled-Tuesday-Blitz-April-16-2024"]
[Site "Chess.com"]
[Date "2024.04.16"]
[Round "1"]
[White "SaqoChess_Twitch"]
[Black "IPAchess"]
[Result "1-0"]
[WhiteElo "2655"]
[BlackElo "2356"]
[TimeControl "180+1"]
[EndTime "8:09:16 PDT"]
[Termination "SaqoChess_Twitch won by resignation"]

1. d4 d5 2. c4 e6 3. Nc3 Nf6 4. cxd5 exd5 5. Bg5 c6 6. Nf3 h6 7.
Bh4 Be7 8. e3 O-O 9. Bd3 Re8 10.
O-O Ne4 11. Bxe7 Qxe7 12. Ne5 Nd7 13. Bxe4 dxe4 14. Nxe4 Nxe5 15. dxe5 Qxe5 16. Nd6 Rf8 17. Nxc8 Raxc8 18. Qb3 Qc7 19. Rfd1 Rcd8 20. g3 b6 21. Rac1 c5 22. Qa4 Rxd1+ 23. Rxd1 Rd8 24. Rxd8+ Qxd8 25. Qxa7 Qd1+ 26. Kg2 Qd5+ 27. f3 Qd2+ 28. Kh3 Qxb2 29. a4 c4 30. Qa8+ Kh7 31. Qe4+ g6 32. Qxc4 Qf6 33. Qf4 Qe6+ 34. g4 Qb3 35. Kg3 Kg7 36.
h4 Qb1 37. Qd4+ Kg8 38. Kf4 Qb3 39. g5 hxg5+ 40. hxg5 Qb1 41. e4 Qc1+ 42. Kg4 Qc8+ 43.
Kg3 Qc7+ 44. f4 Qc2 45. Kf3 Qb3+ 46. Kg4 Qc2 47. Kf3 Qb3+ 48. Qe3 Qxa4 49. Qxb6 Qd1+ 50.
Kf2 Qd2+ 51. Kg3 Qd3+ 52. Kg4 Qxe4 53. Qb8+ Kh7 54. Qc7 Qf5+ 55. Kg3 Qd3+ 56. Kh4 Qf5 57. Qd6 Qc2 58. Kg3 Qc3+ 59. Kf2 Qc2+ 60. Ke3 Qc3+ 61. Ke4 Qc2+ 62. Kd5 Qf5+ 63. Kc6 Qc8+ 64. Qc7 Qe6+ 65. Kb7 Qb3+ 66. Kc8 Kg7 67. Qe5+ Kg8 68. Kd8 Qb6+ 69. Ke7 Qb7+ 70. Kd8 Qb6+ 71. Qc7 Qd4+ 72. Kc8 Qd5 73. Qb8 Kg7 74. Qe5+ Qxe5 75. fxe5 Kf8 76. Kd8 Kg8 77. Ke8 Kg7 78. Ke7 Kg8 79. Kf6 Kf8 80. e6 fxe6 81.
Kxg6 Ke7 82. Kh7 e5 83. g6 e4 84. g7 e3 85. g8=Q e2 86. Qg1 1-0

[Event "Early-Titled-Tuesday-Blitz-April-16-2024"]
[Site "Chess.com"]
[Date "2024.04.16"]
[Round "1"]
[White "rhwr"]
[Black "chess123456s"]
[Result "0-1"]
[WhiteElo "2259"]
[BlackElo "2601"]
[TimeControl "180+1"]
[EndTime "8:09:30 PDT"]
[Termination "chess123456s won on time"]

1. e4 c5 2. Be2 Nc6 3. f4 g6 4. Nf3 Bg7 5. c3 e6 6. O-O Nge7 7. d3 d5 8. e5 O-O 9. g4 d4 10. c4 b6 11. Nbd2 Bb7 12. Ne4 Qc7 13. a3 a5 14. Rf2 a4 15. Qf1 Na5 16. Nf6+ Kh8 17. Qh3 h6 18. f5 h5 19. gxh5 gxf5 20.
h6 Bxf6 21. exf6 Ng6 22. h7 Qd8 23. Bg5 Rg8 24. Qh6 Qf8 25. hxg8=Q+ Kxg8 26. Qxf8+ Kxf8 27. h4 Ke8 28. h5 Nf8 29. h6 Nh7 30. Bh4 Nc6 31. Re1 Kd7 32. Bf1 Re8 33. Ne5+ Nxe5 34.
Rxe5 Kd6 35. Rfxf5 Rg8+ 36. Rg5 Nxg5 37. Rxg5 Rh8 38.
Bg3+ Kd7 39. Rh5 Bf3 40. Rh3 Bg4 41. Rh4 Bf5 42. Bf4 Rg8+ 43. Kf2 Bh7 44. Kf3 Re8 45. Bg2 e5 46. Bd2 Bxd3 47. Bh3+ Kd6 48. h7 Rh8 49.
Bg4 Rxh7 50. Rxh7 Bxh7 51. Ke2 Bc2 52. Bh6 Bg6 53. Kd2 e4 54. Bf4+ Kc6 55. Bd1 e3+ 56. Ke1 b5 57. Be2 b4 58. Bf3+ Kb6 59. Kd1 bxa3 60. bxa3 Bd3 61. Bd5 Bg6 62. Ke2 Bh5+ 63. Kd3 Bg6+ 64. Be4 Bh5 65. Bg3 Ka6 66. Be1 Ka7 67.
Ba5 Kb8 68. Bb6 e2 69. Ba5 Kc8 70. Kd2 Kd7 71. Bd3 Ke6 72. Bd8 Kd7 73. Be7 Kc6 74.
Bxe2 Bg6 75. Bd3 Bh5 76. Bf8 Bg4 77. Be7 Be6 78. Ke2 Bg4+ 79. Kf2 Kb6 80. Kg3 Be6 81. Kf4 Kc6 82. Ke5 Bg4 83. Bc2 Be2 84. Bxa4+ Kb6 85.
Kd5 Bf3+ 86. Ke5 d3 0-1

[Event "Early-Titled-Tuesday-Blitz-April-16-2024"]
[Site "Chess.com"]
[Date "2024.04.16"]
[Round "1"]
[White "vedantgoswami"]
[Black "biostatistician"]
[Result "1/2-1/2"]
[WhiteElo "2332"]
[BlackElo "2616"]
[TimeControl "180+1"]
[EndTime "8:09:44 PDT"]
[Termination "Game drawn - insufficient material"]

1. d4 Nf6 2. Bf4 d5 3. e3 Bf5 4. Nf3 e6 5. Bd3 Bd6 6. Bg3 O-O 7. Nbd2 Ne4 8. Bxe4 dxe4 9. Ne5 Nd7 10. O-O Nxe5 11.
dxe5 Be7 12. Nc4 Qd5 13. Qxd5 exd5 14. Na5 Rab8 15. Rfd1 Bb4 16. Nb3 Be6 17. a3 Be7 18. Nd4 a6 19. h3 c5 20. Ne2 Rbd8 21. Rd2 Rd7 22. Rad1 Rfd8 23. c3 b5 24. Nf4 h6 25.
Kf1 a5 26. f3 exf3 27. gxf3 a4 28. Nxe6 fxe6 29. e4 d4 30. cxd4 cxd4 31. Ke2 Kf7 32. Bf2 Bc5 33. Kd3 Bb6 34. f4 g6 35. Rc2 Rc7 36.
Rdc1 Rxc2 37. Rxc2 Rd7 38. Rc6 Ba7 39. Be1 h5 40.
Bb4 Ke8 41. Bd6 Kf7 42. Ke2 Rb7 43. Kd3 Rd7 44. Rc7 Rxc7 45. Bxc7 Ke7 46. Bd6+ Kd7 47. Bb4 Kc6 48. Be7 Bb6 49. Bb4 Ba7 50. Be7 Bc5 51. Bd8 Kb7 52. Bh4 Kb6 53. Bf2 b4 54. axb4 Bxb4 55.
Bxd4+ Kb5 56. Ba7 Be7 57. Bd4 Kb4 58. Kc2 Kc4 59. Bc3 Bd8 60. Kd2 Bh4 61. Kc2 Bg3 62. Bd2 Kd4 63. f5 gxf5 64. exf5 exf5 65. e6 Bd6 66. Bg5 f4 67. Bxf4 Kd5 68. Bxd6 Kxd6 69. Kc3 Kxe6 70. Kb4 Kf5 71. Kxa4 Kg5 72. b4 Kh4 73. b5 Kxh3 74. b6 h4 75. b7 Kg2 76.
b8=Q h3 77. Qg8+ Kh1 78. Qa8+ Kg1 79. Qg8+ Kh1 80. Qd5+ Kg1 81. Qd4+ Kh1 82. Qe4+ Kg1 83. Qe3+ Kg2 84. Qe2+ Kg1 85. Qe3+ Kg2 86. Qg5+ Kh1 87. Qe3 h2 88. Qf3+ Kg1 89. Qg3+ Kh1 90. Qe1+ Kg2 91. Qe2+ Kg1 92. Qxh2+ Kxh2 1/2-1/2

[Event "Early-Titled-Tuesday-Blitz-April-16-2024"]
[Site "Chess.com"]
[Date "2024.04.16"]
[Round "1"]
[White "wonderfultime"]
[Black "imdvb6307"]
[Result "1/2-1/2"]
[WhiteElo "2991"]
[BlackElo "2529"]
[TimeControl "180+1"]
[EndTime "8:09:47 PDT"]
[Termination "Game drawn by repetition"]

1. d4 d5 2. Nf3 Nf6 3. Bf4 c6 4. e3 Bg4 5. c4 e6 6. Qb3 Qb6 7. Nc3 Nbd7 8. c5 Qxb3 9. axb3 a6 10. b4 Bxf3 11. gxf3 Rc8 12. Bd3 Be7 13. Bg3 O-O 14.
f4 g6 15. Bh4 Rfe8 16. Ne2 Nh5 17.
Bg3 f6 18. Nc1 Bd8 19. Nb3 Kf7 20. Kd2 e5 21. f5 e4 22. Be2 Nxg3 23. hxg3 Kg7 24.
Bg4 g5 25. Nc1 Bc7 26. Ne2 Rh8 27. Nc3 Rce8 28. Bh5 Re7 29. Be2 Ree8 30. g4 h6 31. f3 exf3 32. Bxf3 Rd8 33. Kc2 Rhe8 34. Rhe1 Bg3 35.
Re2 Nb8 36. Rd1 Re7 37. e4 dxe4 38. Nxe4 Bf4 39. Nc3 Rxe2+ 40. Nxe2 Be3 41. d5 cxd5 42. Bxd5 Nc6 43. Bxc6 Rxd1 44. Kxd1 bxc6 45. Kc2 h5 46. gxh5 Kh6 47. Kd3 Bf2 48. Ke4 g4 49. Nf4 Kg5 50.
Nd3 Bg1 51. Nf4 Kh6 52. Ne2 Bf2 53. Nf4 Be1 54. Nd3 Bd2 55. Nf2 Kxh5 56. Kd3 Bxb4 57.
Ne4 Kh4 58. Ke2 g3 59. Kf3 Be1 60. Nxf6 Kh3 61. Nh5 Kh2 62. Nf4 Bb4 63. f6 Bxc5 64. f7 Bd6 65. Ng2 a5 66. Ne3 a4 67. Nf1+ Kh3 68. Nxg3 a3 69. bxa3 Bxa3 70. Nf5 Bf8 71. Kf4 c5 72. Ke5 c4 73. Nd4 Kg4 74. Ke4 Kg5 75. Ke5 Kg6 76. Ke6 c3 77. Nc2 Kg7 78.
Ne3 Kg6 79. Nc2 Bc5 80. Ne1 Kg7 81. Nd3 Ba3 82. Ne1 Bb4 83. Nc2 Bc5 84. Kd5 Bf8 85.
Ke6 Bc5 86. Ne1 Bb4 87. Nc2 Bc5 1/2-1/2

[Event "Early-Titled-Tuesday-Blitz-April-16-2024"]
[Site "Chess.com"]
[Date "2024.04.16"]
[Round "2"]
[White "Laico"]
[Black "HighLawView"]
[Result "1-0"]
[WhiteElo "2448"]
[BlackElo "2102"]
[TimeControl "180+1"]
[EndTime "8:11:49 PDT"]
[Termination "Laico won by resignation"]

1. e4 e5 2. Nc3 Nf6 3. f4 d5 4. fxe5 Nxe4 5. Qf3 Bc5 6. Nxe4 dxe4 7. Qxe4 O-O 8. Nf3 f5 9. Qc4+ Kh8 10. Qxc5 Nc6 11. Bb5 1-0

[Event "Early-Titled-Tuesday-Blitz-April-16-2024"]
[Site "Chess.com"]
[Date "2024.04.16"]
[Round "2"]
[White "janhelmer03"]
[Black "Incognizance"]
[Result "1-0"]
[WhiteElo "2429"]
[BlackElo "1910"]
[TimeControl "180+1"]
[EndTime "8:12:28 PDT"]
[Termination "janhelmer03 won by resignation"]

1. Nf3 d5 2. e3 Nf6 3. c4 e6 4. Nc3 c6 5. b3 Bd6 6. Bb2 O-O 7. d4 Nbd7 8. Be2 b6 9. O-O Bb7 10. Qc2 Rc8 11. Rad1 Qc7 12. Rfe1 e5 13. dxe5 Nxe5 14. h3 Rfd8 15. cxd5 cxd5 16. Qb1 h6 17. Nb5 Qd7 18.
Nxe5 Bxe5 19. Bxe5 Rc5 20. Bxf6 g6 21. Nd4 1-0

[Event "Early-Titled-Tuesday-Blitz-April-16-2024"]
[Site "Chess.com"]
[Date "2024.04.16"]
[Round "2"]
[White "lupta_robin"]
[Black "ContrVersia"]
[Result "0-1"]
[WhiteElo "2590"]
[BlackElo "2897"]
[TimeControl "180+1"]
[EndTime "8:12:35 PDT"]
[Termination "ContrVersia won by resignation"]

1. b3 Nf6 2. Bb2 g6 3. Bxf6 exf6 4. c4 f5 5. Nc3 Bg7 6. Rc1 d6 7. g3 Nd7 8. Bg2 c6 9. e3 Nf6 10. Nge2 h5 11. h4 Ng4 12. d4 O-O 13.
Nf4 Re8 14. O-O Bf6 15. Bf3 a5 16. Kg2 Bd7 17. a3 Qb6 18. Re1 Re7 19. Bxg4 fxg4 20. Ncd5 cxd5 21. Nxd5 Bc6 0-1

[Event "Early-Titled-Tuesday-Blitz-April-16-2024"]
[Site "Chess.com"]
[Date "2024.04.16"]
[Round "2"]
[White "AlexanderKing"]
[Black "ProtectiveCarrot"]
[Result "1-0"]
[WhiteElo "2591"]
[BlackElo "2284"]
[TimeControl "180+1"]
[EndTime "8:12:47 PDT"]
[Termination "AlexanderKing won by checkmate"]

1. c4 e6 2. g3 d5 3. Bg2 Nf6 4.
Nf3 Be7 5. O-O O-O 6. d4 dxc4 7. Qc2 b5 8. a4 b4 9. Nfd2 c6 10. Nxc4 Qxd4 11. Be3 Qd8 12. Rd1 Nd5 13. Nbd2 Nxe3 14. Nxe3 Qc7 15. Nb3 Bb7 16. Rac1 a5 17. Nc5 Rd8 18.
Rxd8+ Bxd8 19. Nxb7 Qxb7 20. Bxc6 Nxc6 21. Qxc6 Qa7 22.
Qe8# 1-0

[Event "Early-Titled-Tuesday-Blitz-April-16-2024"]
[Site "Chess.com"]
[Date "2024.04.16"]
[Round "2"]
[White "dropstoneDP"]
[Black "albi1999"]
[Result "1/2-1/2"]
[WhiteElo "3065"]
[BlackElo "2645"]
[TimeControl "180+1"]
[EndTime "8:13:00 PDT"]
[Termination "Game drawn by repetition"]

1. e4 e5 2. Nf3 Nc6 3. Bc4 Bc5 4. d3 Nf6 5. a4 h6 6. Be3 Bxe3 7. fxe3 a5 8. Nc3 d6 9. Qe2 Be6 10. Bxe6 fxe6 11. O-O-O Nb4 12. d4 exd4 13. exd4 O-O 14. Kb1 Qd7 15. Rhe1 Rae8 16. Qb5 b6 17. Qxd7 Nxd7 18.
Nb5 Na6 19. c3 e5 20. Re3 Rf4 21. Rde1 Rf6 22. Rd1 Rf4 23. Rde1 Rf6 24. Rd1 Rf4 1/2-1/2

[Event "Early-Titled-Tuesday-Blitz-April-16-2024"]
[Site "Chess.com"]
[Date "2024.04.16"]
[Round "2"]
[White "mishanick"]
[Black "ansko1999"]
[Result "1-0"]
[WhiteElo "3067"]
[BlackElo "2632"]
[TimeControl "180+1"]
[EndTime "8:13:02 PDT"]
[Termination "mishanick won by resignation"]

1. d4 d5 2. c4 c6 3. Nc3 Nf6 4. e3 e6 5. Bd3 Bd6 6. Nge2 Nbd7 7. f3 O-O 8. O-O e5 9. cxd5 cxd5 10. Bc2 exd4 11. exd4 Re8 12. Bf4 Nf8 13. Qd2 Ne6 14. Be5 a6 15. f4 Nc7 16. Ng3 Nb5 17. Rae1 Nxc3 18. bxc3 Bd7 19. Bxd6 1-0

[Event "Early-Titled-Tuesday-Blitz-April-16-2024"]
[Site "Chess.com"]
[Date "2024.04.16"]
[Round "2"]
[White "margarita_2703"]
[Black "Pedrada88"]
[Result "0-1"]
[WhiteElo "2352"]
[BlackElo "2583"]
[TimeControl "180+1"]
[EndTime "8:13:10 PDT"]
[Termination "Pedrada88 won by resignation"]

1. e4 b6 2. d4 Bb7 3. Bd3 e6 4. Nf3 d5 5. e5 c5 6. c3 Qd7 7. O-O Ba6 8. Bc2 Bxf1 9. Qxf1 Ne7 10. a3 Nbc6 11. b4 cxd4 12. cxd4 a6 13. Bd3 b5 14. Nbd2 Nc8 15. Nb3 Nb6 16. Nc5 Bxc5 17. dxc5 Nc4 18.
Qe2 h6 19. Bb2 O-O 20. Bc3 a5 21. Bxc4 dxc4 22. Rd1 Qc7 23. Rd6 axb4 24. axb4 Ra3 25. Qd2 Rfa8 26. h4 Ra2 27. Qf4 Rc2 28. Be1 Ra1 29. Kh2 Re2 30. Qe4 Rxe4 0-1

[Event "Early-Titled-Tuesday-Blitz-April-16-2024"]
[Site "Chess.com"]
[Date "2024.04.16"]
[Round "2"]
[White "AlexKhripachenko"]
[Black "nikitakhoroshev"]
[Result "1-0"]
[WhiteElo "2819"]
[BlackElo "2563"]
[TimeControl "180+1"]
[EndTime "8:13:15 PDT"]
[Termination "AlexKhripachenko won by resignation"]

1. e4 e5 2. Nf3 Nc6 3. Bb5 a6 4. Ba4 Nf6 5. O-O b5 6. Bb3 Bb7 7. Re1 Bc5 8. c3 d6 9. d4 Bb6 10. a4 h6 11. Be3 O-O 12. axb5 axb5 13. Rxa8 Qxa8 14. dxe5 Nxe5 15. Bxb6 cxb6 16. Qxd6 Nxf3+ 17. gxf3 Qa1 18. Qd2 Qa8 19. Na3 Rd8 20. Qf4 Bc6 21.
Nc2 Qc8 22. Nd4 Nh5 23. Qxf7+ 1-0

[Event "Early-Titled-Tuesday-Blitz-April-16-2024"]
[Site "Chess.com"]
[Date "2024.04.16"]
[Round "2"]
[White "Vasily_IM"]
[Black "JSPrepz"]
[Result "0-1"]
[WhiteElo "2562"]
[BlackElo "2819"]
[TimeControl "180+1"]
[EndTime "8:13:35 PDT"]
[Termination "JSPrepz won by resignation"]

1. d4 d5 2. c4 dxc4 3. e3 e5 4.
Bxc4 Nc6 5. Nf3 e4 6. Nfd2 Qg5 7.
Nxe4 Qxg2 8. Ng3 Nf6 9. Nc3 Qh3 10. Bd2 Bd6 11. Bf1 Qh4 12. Bg2 O-O 13. a3 Re8 14.
Nce4 Nxe4 15. Nxe4 Rxe4 0-1

[Event "Early-Titled-Tuesday-Blitz-April-16-2024"]
[Site "Chess.com"]
[Date "2024.04.16"]
[Round "2"]
[White "Bwert2602"]
[Black "masterofpuppets2"]
[Result "0-1"]
[WhiteElo "2187"]
[BlackElo "2491"]
[TimeControl "180+1"]
[EndTime "8:13:36 PDT"]
[Termination "masterofpuppets2 won by resignation"]

1. e4 e5 2. Nf3 Nc6 3. d4 exd4 4. Bc4 Nf6 5. O-O Nxe4 6. Re1 d5 7. Bxd5 Qxd5 8. Nc3 Qd7 9. Rxe4+ Be7 10. Nxd4 f5 11. Rf4 O-O 12. Be3 Bd6 13. Nxc6 Qxc6 14. Rf3 f4 15.
Bd4 Bg4 16. h3 Bxf3 17. Qxf3 Qxf3 18. gxf3 c5 19. Ne4 cxd4 20. Nxd6 Rfd8 21. Nxb7 Rdb8 22. Nc5 Rxb2 23. Nb3 Rd8 24. Rd1 Rxc2 25. Nxd4 Rc4 0-1

[Event "Early-Titled-Tuesday-Blitz-April-16-2024"]
[Site "Chess.com"]
[Date "2024.04.16"]
[Round "2"]
[White "enriquebutti"]
[Black "Hongjin"]
[Result "0-1"]
[WhiteElo "2172"]
[BlackElo "2656"]
[TimeControl "180+1"]
[EndTime "8:13:56 PDT"]
[Termination "Hongjin won by resignation"]

1. d4 d6 2. c4 e5 3. Nf3 e4 4. Ng5 f5 5. Nc3 Nf6 6. g3 Be7 7. Nh3 O-O 8. Bg2 Nc6 9. O-O Bd7 10.
f3 exf3 11. exf3 a6 12. f4 Rb8 13. d5 Na5 14. b3 b5 15. cxb5 axb5 16. Bb2 Ng4 17.
Qd2 Bf6 18. Rae1 Re8 19. Nf2 Nxf2 20. Qxf2 Ra8 21. Nd1 Nb7 22. Ba3 Rxa3 0-1

[Event "Early-Titled-Tuesday-Blitz-April-16-2024"]
[Site "Chess.com"]
[Date "2024.04.16"]
[Round "2"]
[White "ArmanGhevondyanchess"]
[Black "BogdanDeac"]
[Result "0-1"]
[WhiteElo "2618"]
[BlackElo "3023"]
[TimeControl "180+1"]
[EndTime "8:14:03 PDT"]
[Termination "BogdanDeac won by resignation"]

1. Nf3 d5 2. g3 Nd7 3. d4 Ngf6 4. Bg2 e6 5. O-O Be7 6. c4 O-O 7. b3 dxc4 8. bxc4 c5 9. Bb2 cxd4 10. Nxd4 Nc5 11. Nc3 Bd7 12. Nb3 Rc8 13. Nxc5 Bxc5 14. Qb3 Bc6 15. Rfd1 Qb6 16. e3 Bxg2 17. Kxg2 Qc6+ 18.
Kg1 Ng4 19. Qc2 Nxe3 20. fxe3 Bxe3+ 21. Kf1 Qh1+ 22. Ke2 Qg2+ 23. Kd3 Rfd8+ 24. Nd5 Rxd5+ 0-1

[Event "Early-Titled-Tuesday-Blitz-April-16-2024"]
[Site "Chess.com"]
[Date "2024.04.16"]
[Round "2"]
[White "Sasha_Solovev_777"]
[Black "LastHeroJr"]
[Result "0-1"]
[WhiteElo "2198"]
[BlackElo "2481"]
[TimeControl "180+1"]
[EndTime "8:14:10 PDT"]
[Termination "LastHeroJr won by resignation"]

1. e4 c6 2. d4 d5 3. Nc3 dxe4 4. Nxe4 Nf6 5. Nxf6+ exf6 6. c3 Bd6 7. Bd3 O-O 8.
Qc2 Re8+ 9. Ne2 h6 10. Be3 b5 11. O-O-O a5 12. Ng3 a4 13. Kb1 Nd7 14. Nf5 Nf8 15. Rhe1 Be6 16. h4 a3 17. b3 Bd5 18. g4 Ne6 19.
Qd2 Bf3 20. Bxh6 Bxd1 21. Bxg7 Bf4 22. Qxd1 Nxg7 0-1

[Event "Early-Titled-Tuesday-Blitz-April-16-2024"]
[Site "Chess.com"]
[Date "2024.04.16"]
[Round "2"]
[White "C_K_G"]
[Black "Leo_C"]
[Result "0-1"]
[WhiteElo "2289"]
[BlackElo "2659"]
[TimeControl "180+1"]
[EndTime "8:14:13 PDT"]
[Termination "Leo_C won by resignation"]

1. e4 c5 2. Nf3 d6 3. d4 cxd4 4. Nxd4 Nf6 5. Nc3 a6 6. h3 e5 7. Nb3 Be6 8. Be3 Nbd7 9. Be2 Rc8 10. f4 Rxc3 11. bxc3 Nxe4 12. Bf3 Qh4+ 13. Kf1 Ng3+ 14. Kg1 Nxh1 15. Kxh1 exf4 16. Bd4 Be7 17. Bxb7 O-O 18. Bf3 Ne5 19. Bxe5 dxe5 20. Bg4 Rd8 21. Qe1 Qxe1+ 22.
Rxe1 f5 23. Rxe5 fxg4 24. Rxe6 Rd1+ 0-1